 Dungeon Crawl Stone Soup version 0.30-a0-365-ge7f957f1db (webtiles) character file.

Game seed: 14319205821426184627

28752 MrRokkomies the Carver (level 14, -10/126 HPs)
             Began as a Meteoran Cinder Acolyte on Nov 17, 2022.
             Was a Follower of Ignis.
             Killed by an exploding death yak (14 damage)
             ... ignited by their inner flame
             ... on level 4 of the Lair of Beasts.
             The game lasted 00:26:43 (6762 turns).

MrRokkomies the Carver (Meteoran Cinder Acolyte)    Turns: 6762, Time: 00:26:44

Health: -10/126    AC: 17    Str: 15    XL:     14   Next: 12%
Magic:  15/17      EV: 18    Int: 17    God:    Ignis [*.....]
Gold:   666        SH:  0    Dex: 15    Spells: 11/15 levels left

rFire   + + .      SeeInvis .    a - +2 scimitar (flame)
rCold   + + .      Faith    .    (no shield)
rNeg    . . .      Spirit   .    M - +1 robe {rC+}
rPois   .          Reflect  .    g - +0 helmet
rElec   .          Harm     .    Z - scarf {rC+ rF+}
rCorr   .          Rampage  .    f - +1 pair of gloves
Will    +....                    (no boots)
Stlth   +.........               (no amulet)
HPRegen 0.41/turn                n - +4 ring of slaying
MPRegen 0.15/turn                l - +4 ring of protection

@: fiery-armoured, glowing
A: sense surroundings 2, otherworldly, glowing, explore regen
a: Renounce Religion, Fiery Armour, Foxfire Swarm, Rising Flame


You were on level 4 of the Lair of Beasts.
You worshipped Ignis.
Ignis was aware of your devotion.
You visited 2 branches of the dungeon, and saw 13 of its levels.
You also visited: Ossuary and Ice Cave.

You collected 666 gold pieces.

Inventory:

Hand Weapons
 a - a +2 scimitar of flaming (weapon)
 J - a +2 great sword
Missiles
 H - 15 poisoned darts (quivered)
 S - a curare-tipped dart
Armour
 f - a +1 pair of gloves (worn)
 g - a +0 helmet (worn)
 i - a +0 robe
 t - a +2 ring mail of positive energy
 K - the +2 ratskin cloak {*Rats rPois rN+ Str-1 Int-1 Dex+1}
   (You found it on level 8 of the Dungeon)

   When the wearer is hurt, rats may emerge from it to assist them.
   Str:       It affects your strength (-1).
   Int:       It affects your intelligence (-1).
   Dex:       It affects your dexterity (+1).
   rPois:     It protects you from poison.
   rN:        It protects you from negative energy.
 M - a +1 robe of cold resistance (worn)
 P - the +7 ring mail of Hangman {Harm}
   (You found it on level 8 of the Dungeon)

   Harm:      It increases damage dealt and taken.
 X - a +0 pair of boots of rampaging
 Z - a scarf of resistance (worn)
Magical Staves
 q - a staff of air
 O - a staff of fire
 W - a staff of cold
Jewellery
 e - a ring of poison resistance
 h - a ring of wizardry
 j - an amulet of magic regeneration
 l - a +4 ring of protection (right hand)
 n - a +4 ring of slaying (left hand)
 o - a ring of fire
 p - a ring of fire
Wands
 v - a wand of mindburst (17)
 w - a wand of iceblast (8)
 N - a wand of light (7)
 T - a wand of charming (2)
 Y - a wand of digging (4)
Scrolls
 s - 2 scrolls of fear
 u - 2 scrolls of torment
 y - 2 scrolls of silence
 A - 2 scrolls of amnesia
 E - 3 scrolls of teleportation
 I - a scroll of enchant armour
 Q - a scroll of butterflies
Potions
 b - a potion of ambrosia {unknown}
 c - 3 potions of might
 d - 6 potions of curing
 k - 2 potions of berserk rage
 m - 5 potions of mutation
 B - 2 potions of cancellation
 C - 2 potions of brilliance
 F - 2 potions of attraction
 G - a potion of flight {unknown}
 L - 2 potions of lignification
 U - a potion of invisibility {unknown}
 V - a potion of resistance {unknown}


   Skills:
 - Level 12.0 Fighting
 - Level 14.0 Long Blades
 + Level 12.1 Dodging
 - Level 1.3 Spellcasting
 - Level 8.0 Fire Magic
 + Level 9.7 Air Magic
 + Level 9.9 Poison Magic


You had 11 spell levels left.
You knew the following spells:

 Your Spells              Type           Power      Damage    Failure   Level
a - Scorch                Fire           56%        2d8       1%          2
b - Poisonous Vapours     Pois/Air       68%        N/A       1%          2

Your spell library contained the following spells:

 Spells                   Type           Power      Damage    Failure   Level
 Cigotuvi's Dreadful Rot  Necr/Pois/Air  46%        N/A       2%          2
 Mephitic Cloud           Conj/Pois/Air  23%        N/A       4%          3


Dungeon Overview and Level Annotations

Branches:
Dungeon (9/15) Zot: 824      Lair (4/5) D:9 Zot: 981  Shoals (0/4) Lair:3
  Snake (0/4) Lair:2          Orc (0/2) D:9         Ossuary (visited)
  IceCv (visited)
 Temple: D:4-7        Slime: Lair:4-5

Altars:
Wu Jian

Annotations:
Lair:4 3 runed translucent doors, MrRokkomies's ghost, journeyman MeCA


Innate Abilities, Weirdness & Mutations

You passively map the area around you.
You are easily found by Zot.
You glow in the dark.
You regain HP and MP as you explore.


Message History

The death yak is engulfed in blazing flames.
Flame seeps out of the death yak.
The komodo dragon is engulfed in blazing flames.
The black mamba attacks as you move away!
The black mamba closely misses you.
The death yak is engulfed in blazing flames.
Flame seeps out of the death yak.
The komodo dragon is engulfed in blazing flames.
The black mamba barely misses you.
Casting: Scorch (safe; 1% risk of failure)
Confirm with . or Enter, or press ? or * to list all spells.
Flames lash the yak.
The yak is severely wounded.
The yak's fire resistance burns away.
The black mamba bites you but does no damage.
The black mamba is burned by your cloak of flames.
You kill the black mamba!
The death yak is engulfed in blazing flames.
Flame seeps out of the death yak.
The komodo dragon is engulfed in blazing flames.
The yak attacks as you move away! The yak gores you!
* * * LOW HITPOINT WARNING * * *
The yak is burned terribly!
The yak is burned by your cloak of flames.
The yak is almost dead.
The komodo dragon is engulfed in blazing flames.
You feel better. The yak barely misses you.
You feel better.
The yak is no longer more vulnerable to fire.
The yak closely misses you. The death yak attacks as you move away!
The death yak gores you!!
* * * LOW HITPOINT WARNING * * *
The death yak is burned by your cloak of flames.
The death yak explodes!
The fiery explosion engulfs the yak!!!
You kill the yak!
The fiery explosion engulfs the komodo dragon!!
You kill the komodo dragon!
The fiery explosion engulfs you! You resist.
You die...

......####.##.# #P#.#.#
.....#..#...†.# #....##
.............## ####....P#
.....#........## #.#......#
.....###.#...#.# #####.......###
.....P####.....# ##.###.........#
.....## ##....####...#...........
.....# #P....†..>...............
.....## ##....†§@................
......####...Y#§###.##...........
....P.##......§†# #######........
#...#####......## #.......#
##..## ##...§.## #####...# #...#
#...§§§# ##### ##P## #...○§†##
### ##..§○..## #.......#


You could see a yak.

Vanquished Creatures
  Gastronok (Lair:3)
  2 hydras (Lair:3)
  Erica (Lair:1)
  A boulder beetle (Lair:3)
  3 two-headed ogres (D:9)
  10 death yaks
  Amaemon (D:8)
  An ugly thing (IceCv)
  A black mamba (Lair:4)
  A torpor snail (Lair:2)
  An orange demon (D:8)
  3 ice statues (IceCv)
  4 cane toads
  5 komodo dragons
  Psyche (D:8)
  2 rime drakes
  An anaconda simulacrum (IceCv)
  4 blink frogs (Lair:3)
  A wraith (D:9)
  33 yaks
  6 wyverns
  Grum (D:8)
  A dire elephant simulacrum (IceCv)
  2 death yak simulacra (IceCv)
  A steam dragon (D:6)
  7 water moccasins
  5 orc warriors
  A black bear (D:5)
  2 ice beasts
  An ogre (D:4)
  3 wolves (D:8)
  6 centaurs
  An elf zombie (D:5)
  2 kobold brigands (D:9)
  12 bullfrogs
  A necrophage (D:6)
  2 elf skeletons (D:5)
  5 wights (D:7)
  6 killer bees (D:7)
  An elephant simulacrum (IceCv)
  4 howler monkeys
  5 human zombies
  3 orc priests
  2 human skeletons (D:5)
  2 iguanas (D:5)
  5 orc wizards
  3 hell rats (D:8)
  3 polar bear simulacra (IceCv)
  A wolf simulacrum (IceCv)
  3 mummies (Ossuary)
  5 gnolls
  10 adders
  17 river rats (D:8)
  2 ufetubi
  A dart slug (D:3)
  38 orcs
  4 ball pythons
  3 bats
  7 endoplasms
  5 giant cockroaches
  5 goblins
  3 hobgoblins
  2 jackals (D:2)
  4 quokkas
  2 frilled lizards (D:3)
  A goblin zombie (Ossuary)
  2 hobgoblin zombies (Ossuary)
  11 kobolds
  5 orc skeletons (D:5)
  An orc zombie (Ossuary)
  8 rats
310 creatures vanquished.

Vanquished Creatures (collateral kills)
  A rime drake (Lair:3)
  A kobold brigand (D:9)
  A kobold (D:9)
3 creatures vanquished.

Vanquished Creatures (others)
  44 foxfires (IceCv)
  6 fungi
  A plant (Lair:3)
51 creatures vanquished.

Grand Total: 364 creatures vanquished

Notes
Turn   | Place    | Note
-------+----------+-------------------------------------------
     0 | D:1      | MrRokkomies the Meteoran Cinder Acolyte began the quest for
                  | the Orb.
     0 | D:1      | Reached XP level 1. HP: 19/19 MP: 3/3
    81 | D:1      | Reached XP level 2. HP: 26/26 MP: 5/5
   182 | D:1      | Reached skill level 4 in Long Blades
   206 | D:1      | Reached XP level 3. HP: 31/31 MP: 6/6
   238 | D:2      | Reached skill level 1 in Dodging
   410 | D:2      | Learned a level 2 spell: Scorch
   546 | D:2      | Reached XP level 4. HP: 39/40 MP: 7/7
   748 | D:3      | Reached XP level 5. HP: 46/46 MP: 8/8
  1497 | D:4      | Noticed an ogre
  1501 | D:4      | Killed an ogre
  1502 | D:4      | Reached skill level 5 in Long Blades
  1502 | D:4      | Reached XP level 6. HP: 55/55 MP: 4/9
  1586 | D:4      | Reached skill level 5 in Fighting
  1798 | D:5      | Entered Level 5 of the Dungeon
  1802 | D:5      | Noticed a centaur
  1810 | D:5      | Killed a centaur
  1811 | D:5      | Reached XP level 7. HP: 46/61 MP: 10/10
  1830 | D:5      | Reached skill level 6 in Long Blades
  1830 | D:5      | Reached skill level 5 in Fire Magic
  2062 | D:5      | Reached XP level 8. HP: 53/70 MP: 11/11
  2120 | D:5      | Reached skill level 7 in Long Blades
  2121 | D:5      | Found a sand-covered staircase.
  2126 | Ossuary  | Entered an ossuary
  2425 | D:6      | Learned a level 2 spell: Poisonous Vapours
  2851 | D:6      | Gained mutation: You passively map the area around you.
                  | [Meteoran growth]
  2851 | D:6      | Reached XP level 9. HP: 72/79 MP: 12/12
  2991 | D:6      | Reached skill level 8 in Long Blades
  3035 | D:6      | Reached skill level 5 in Dodging
  3108 | D:7      | Reached skill level 9 in Long Blades
  3136 | D:7      | Reached XP level 10. HP: 82/90 MP: 13/13
  3202 | D:7      | Found an ornate altar of the Wu Jian Council.
  3244 | D:7      | Reached skill level 10 in Long Blades
  3795 | D:8      | Reached skill level 10 in Fighting
  3806 | D:8      | Reached skill level 11 in Long Blades
  3806 | D:8      | Reached XP level 11. HP: 85/99 MP: 14/14
  3822 | D:8      | Reached skill level 1 in Air Magic
  3822 | D:8      | Reached skill level 1 in Poison Magic
  3958 | D:8      | Found the +2 ratskin cloak {*Rats rPois rN+ Str-1 Int-1
                  | Dex+1}
  4222 | D:8      | Noticed Psyche
  4230 | D:8      | Killed Psyche
  4260 | D:8      | Noticed Grum
  4260 | D:8      | Noticed Amaemon
  4263 | D:8      | Killed Grum
  4271 | D:8      | Killed Amaemon
  4325 | D:8      | Identified the +7 ring mail of Hangman {Harm}
  4519 | D:9      | Noticed a two-headed ogre
  4530 | D:9      | Killed a two-headed ogre
  4531 | D:9      | Reached skill level 12 in Long Blades
  4634 | D:9      | Noticed a death yak
  4635 | D:9      | Noticed a death yak
  4638 | D:9      | Noticed a death yak
  4638 | D:9      | Found a staircase to the Lair.
  4657 | D:9      | Killed a death yak
  4661 | D:9      | Killed a death yak
  4662 | D:9      | Reached XP level 12. HP: 63/110 MP: 15/15
  4667 | D:9      | Killed a death yak
  4713 | D:9      | Found a staircase to the Orcish Mines.
  4714 | D:9      | Noticed a two-headed ogre
  4720 | D:9      | Killed a two-headed ogre
  4721 | D:9      | Noticed a two-headed ogre
  4728 | D:9      | Killed a two-headed ogre
  4778 | D:9      | Found the +7 lajatang of Order {silver, rMut}
  4819 | Lair:1   | Entered Level 1 of the Lair of Beasts
  5005 | Lair:1   | Reached skill level 13 in Long Blades
  5005 | Lair:1   | Reached skill level 5 in Poison Magic
  5088 | Lair:1   | Noticed Erica
  5097 | Lair:1   | Killed Erica
  5098 | Lair:1   | Reached skill level 5 in Air Magic
  5270 | Lair:2   | Found a staircase to the Snake Pit.
  5464 | Lair:2   | Noticed a death yak
  5481 | Lair:2   | Killed a death yak
  5482 | Lair:2   | Reached XP level 13. HP: 99/118 MP: 16/16
  5496 | Lair:2   | Reached skill level 14 in Long Blades
  5600 | Lair:3   | Reached skill level 10 in Dodging
  5609 | Lair:3   | Found a staircase to the Shoals.
  5684 | Lair:3   | Noticed a six-headed hydra
  5688 | Lair:3   | Noticed a death yak
  5689 | Lair:3   | Noticed a seven-headed hydra
  5697 | Lair:3   | Noticed a boulder beetle
  5700 | Lair:3   | Killed a four-headed hydra
  5761 | Lair:3   | Killed a boulder beetle
  5767 | Lair:3   | Killed a four-headed hydra
  5783 | Lair:3   | Found a frozen archway.
  5814 | IceCv    | Entered an ice cave
  6391 | Lair:3   | Noticed Gastronok
  6405 | Lair:3   | Killed Gastronok
  6532 | Lair:4   | Found a runed translucent gate.
  6532 | Lair:4   | Found a runed translucent gate.
  6532 | Lair:4   | Found a runed translucent gate.
  6547 | Lair:4   | Noticed a death yak
  6547 | Lair:4   | Noticed a minotaur
  6548 | Lair:4   | Noticed MrRokkomies's ghost (journeyman MeCA)
  6731 | Lair:4   | Noticed a death yak
  6732 | Lair:4   | Noticed a death yak
  6733 | Lair:4   | Noticed a death yak
  6733 | Lair:4   | Noticed a death yak
  6734 | Lair:4   | Noticed a death yak
  6734 | Lair:4   | Noticed a death yak
  6747 | Lair:4   | Killed a death yak
  6748 | Lair:4   | Killed a death yak
  6751 | Lair:4   | Killed a death yak
  6752 | Lair:4   | Reached XP level 14. HP: 11/126 MP: 17/17
  6759 | Lair:4   | HP: 2/126 [yak (12)]
  6762 | Lair:4   | Killed by an exploding death yak... ignited by their inner
                  | flame

Illustrated notes

Levels and vault maps discovered:
D:1:      evilmike_arrival_home_sweet_home, layout_basic
D:2:      layout_loops_ring, cheibrodos_gnoll_hut
D:3:      layout_basic
D:4:      layout_loops_ring
D:5:      layout_rooms, minmay_temple_entry_glassed_door,
          nicolae_ossuary_entry_catacombs
D:6:      layout_gridville
D:7:      layout_rooms, mainiacjoe_overflow_alcove_1
D:8:      wander_guarded_unrand_ratskin, layout_loops_corners,
          nicolae_shop_fire_sale [nicolae_sub_dead_trees],
          kennysheep_generic_room_14, uniq_psyche, uniq_amaemon, uniq_grum
D:9:      layout_basic, dpeg_lair_monsters, orc_0_dummy
Lair:1:   layout_layer_cave, patterned_corridor, uniq_erica
Lair:2:   layout_cave_pods, dummy_snake_entry, basic_altar
Lair:3:   layout_misc_corridors, minmay_shoals_entry_centaurs,
          portal_ice_cave_rime, hangedman_lair_generics_rect,
          grunt_megastairs_3, uniq_gastronok
Lair:4:   layout_cave_pods, maelrawn_ghost_gauntlet_escape

Skill      XL: |  1  2  3  4  5  6  7  8  9 10 11 12 13 14 |
---------------+-------------------------------------------+-----
Long Blades    | 4 5 6 7 9 11 12 13 14 | 14.0
Dodging        | 1 2 3 4 5 7 8 9 11 12 | 12.1
Fire Magic     | 4 5 7 8 |  8.0
Fighting       | 4 5 7 8 10 11 12 | 12.0
Air Magic      | 3 6 9 |  9.7
Poison Magic   | 4 6 9 |  9.9
Spellcasting   | |  1.3

Action                   |  1- 3 |  4- 6 |  7- 9 | 10-12 | 13-15 || total
-------------------------+-------+-------+-------+-------+-------++-------
Melee: Falchion          |    27 |       |   106 |       |       ||   133
       Dagger            |    45 |   110 |    43 |       |       ||   198
       Punch             |       |     2 |     1 |     6 |     1 ||    10
       Scimitar          |       |       |    81 |   363 |   157 ||   601
Throw: Dart              |       |       |       |     2 |       ||     2
 Cast: Scorch            |       |     2 |       |    22 |    41 ||    65
       Poisonous Vapours |       |       |       |     1 |     5 ||     6
Invok: Fiery Armour      |     1 |     1 |     2 |     4 |     1 ||     9
       Foxfire Swarm     |       |       |       |       |     2 ||     2
Evoke: Wand              |       |       |       |       |     3 ||     3
  Use: Scroll            |     4 |     5 |    10 |     5 |     8 ||    32
       Potion            |       |       |       |       |     4 ||     4
Armor: Robe              |    33 |    54 |     2 |       |    40 ||   129
       Ring mail         |       |       |    98 |   144 |    42 ||   284
Dodge: Dodged            |    35 |    61 |    96 |   172 |    92 ||   456

Table legend: (Time is in decaauts)
 A = Elapsed time spent in this place.
 B = Non-inter-level travel time spent in this place.
 C = Inter-level travel time spent in this place.
 D = Time resting spent in this place.
 E = Time spent auto-exploring this place.
 F = Levels seen in this place.
 G = Mean time per level.
                   A        B        C        D        E       F      G
               +--------+--------+--------+--------+--------+-----+--------+
         Total |   6620 |   6300 |    320 |    277 |   3082 |  15 |  441.3 |
       Dungeon |   4575 |   4387 |    188 |      3 |   2406 |   9 |  508.3 |
          Lair |   1418 |   1286 |    132 |      4 |    676 |   4 |  354.5 |
       Ossuary |    176 |    176 |      0 |      0 |      0 |   1 |  176.0 |
      Ice Cave |    449 |    449 |      0 |    270 |      0 |   1 |  449.0 |
               +--------+--------+--------+--------+--------+-----+--------+

Top non-repeatable levels by time:
     D:8: 956 daAuts
     D:3: 805 daAuts
     D:6: 626 daAuts
     D:7: 488 daAuts
   IceCv: 449 daAuts
     D:5: 431 daAuts
     D:2: 425 daAuts
  Lair:2: 375 daAuts
  Lair:3: 363 daAuts
  Lair:1: 352 daAuts
  Lair:4: 326 daAuts
     D:4: 320 daAuts
     D:9: 294 daAuts
     D:1: 226 daAuts
 Ossuary: 176 daAuts
